 Dungeon Crawl Stone Soup version 0.30.1 (webtiles) character file.

Game seed: 13954227173521825856

5837 Wiggles the Severer (level 10, -1/83 HPs)
             Began as a Minotaur Berserker on July 11, 2023.
             Was a High Priest of Trog.
             Slain by Erica
             ... wielding a +2 scimitar of flaming
              (4 damage)
             ... on level 9 of the Dungeon.
             The game lasted 00:15:34 (7899 turns).

Wiggles the Severer (Minotaur Berserker)            Turns: 7899, Time: 00:15:34

Health: -1/83      AC: 21    Str: 27    XL:     10   Next: 51%
Magic:  9/9        EV:  8    Int:  9    God:    Trog [*****.]
Gold:   547        SH:  0    Dex: 11    Spells: 9/9 levels left

rFire   . . .        m - +1 battleaxe
rCold   . . .        (shield currently unavailable)
rNeg    + . .        a - +8 plate armour of the Iron Devil {Str+2 Int+5}
rPois   .            (helmet restricted)
rElec   .            r - +0 cloak
rCorr   .            (no gloves)
SInv    .            (no boots)
Will    .....        f - amulet of faith Stlth
                     t - ring of positive energy
HPRegen 0.33/turn    q - +4 ring of slaying
MPRegen 0.11/turn

%: faith
@: slowed, very slow
A: horns 2, retaliatory headbutt
a: Renounce Religion, Berserk, Trog's Hand, Brothers in Arms


You were on level 9 of the Dungeon.
You worshipped Trog.
Trog was extremely pleased with you.
You visited 1 branch of the dungeon, and saw 9 of its levels.

You collected 547 gold pieces.

Inventory:

Hand Weapons
 m - a +1 battleaxe (weapon)
Missiles
 g - 5 javelins (quivered)
Armour
 a - the +8 plate armour of the Iron Devil (worn) {Str+2 Int+5}
   (You found it on level 9 of the Dungeon)

   Str:       It affects your strength (+2).
   Int:       It affects your intelligence (+5).
 r - a +0 cloak (worn)
 u - a +4 plate armour
Jewellery
 c - a +6 ring of intelligence
 f - an amulet of faith (around neck)
 q - a +4 ring of slaying (right hand)
 t - a ring of positive energy (left hand)
 w - a ring of willpower
Wands
 k - a wand of light (19)
 n - a wand of flame (30)
Scrolls
 b - 3 scrolls of noise
 e - a scroll of teleportation
 i - a scroll of fear
 p - a scroll of magic mapping
 v - a scroll of fog
Potions
 d - a potion of berserk rage
 h - 3 potions of mutation
 j - 3 potions of resistance
 l - 2 potions of curing
 o - 3 potions of lignification
 s - 3 potions of degeneration
 x - a potion of might


   Skills:
 - Level 5.9 Fighting
 + Level 17.3 Axes
 + Level 1.9 Throwing
 - Level 4.8 Armour
 - Level 2.7 Dodging
 - Level 0.7 Stealth


You had 9 spell levels left.
You didn't know any spells.
Your spell library was empty.

Dungeon Overview and Level Annotations

Branches:
Dungeon (9/15)             Temple (0/1) D:7            Lair (0/5) D:9
    Orc: D:9-12

Altars:
Uskayaw
Zin

Shops:
D:2 (

Annotations:
D:9 Erica


Innate Abilities, Weirdness & Mutations

You have a pair of horns on your head.
You reflexively headbutt those who attack you in melee.


Message History

You resist with some effort. Something hits you!
* * * LOW HITPOINT WARNING * * *
Something burns you.
* * * LOW HITPOINT WARNING * * *
You slice the basilisk!!
You kill the basilisk!
Trog accepts your kill.
You completely miss something.
You hear some strange, mumbled words.
A bolt of poison appears from out of thin air!
The bolt of poison misses you. Something hits you but does no damage.
You miss something.
Something hits you but does no damage. x2
You closely miss something. Something hits you but does no damage.
You closely miss something. Something hits you.
* * * LOW HITPOINT WARNING * * *
Something burns you.
* * * LOW HITPOINT WARNING * * *
You feel better. Something hits you.
* * * LOW HITPOINT WARNING * * *
Something burns you.
* * * LOW HITPOINT WARNING * * *
Something hits you but does no damage.
You barely miss something. Your headbutt misses something. Something hits you!
* * * LOW HITPOINT WARNING * * *
Something burns you.
* * * LOW HITPOINT WARNING * * *
You closely miss something. Something hits you but does no damage.
You miss something. Your headbutt misses something. Something hits you.
* * * LOW HITPOINT WARNING * * *
Something burns you.
* * * LOW HITPOINT WARNING * * *
You miss something. Something hits you.
* * * LOW HITPOINT WARNING * * *
Something burns you.
* * * LOW HITPOINT WARNING * * *
You hear some strange, mumbled words.
You feel yourself slow down.
You miss something. Your headbutt misses something. Something hits you.
You die...

...... ...
##+#.....P
....####.........
.................
)......../....>.@
..?..............
..............?..
........†{#
.........@#
..........#
#.....###...##
##.....###....#
#.............#
#.............# .
#.............# .
#.............# .
#.............+


There were no monsters in sight!

Vanquished Creatures
  A manticore (D:7)
  Joseph (D:7)
  Maurice (D:8)
  Psyche (D:8)
  Prince Ribbit (D:8)
  A yak (D:9)
  2 basilisks (D:9)
  A wyvern (D:9)
  A steam dragon (D:8)
  2 water moccasins
  A sky beast (D:7)
  3 orc warriors
  2 black bears (D:5)
  An ogre (D:4)
  A centaur (D:6)
  A kobold brigand (D:8)
  4 bullfrogs
  4 scorpions
  A gnoll sergeant (D:8)
  12 wights
  8 killer bees (D:8)
  A howler monkey (D:4)
  2 orc priests
  2 gnoll boudas
  3 hounds (D:4)
  2 iguanas
  A sleepcap (D:5)
  5 orc wizards
  36 gnolls
  12 adders
  A worm (D:5)
  3 dart slugs
  36 orcs
  12 ball pythons
  4 bats
  10 endoplasms
  5 giant cockroaches
  5 goblins
  7 hobgoblins
  20 jackals
  8 kobolds
  3 quokkas
  A frilled lizard (D:2)
  9 rats
238 creatures vanquished.

Notes
Turn   | Place    | Note
-------+----------+-------------------------------------------
     0 | D:1      | Wiggles the Minotaur Berserker began the quest for the Orb.
     0 | D:1      | Reached XP level 1. HP: 19/19 MP: 0/0
   155 | D:1      | Reached XP level 2. HP: 26/27 MP: 1/1
   370 | D:1      | Reached skill level 4 in Axes
   657 | D:2      | Reached XP level 3. HP: 33/33 MP: 2/2
   684 | D:2      | Found Ydidepp's Antique Weapon Shop.
   700 | D:2      | Reached ** piety under Trog
   741 | D:2      | Reached XP level 4. HP: 41/41 MP: 3/3
   906 | D:2      | Reached skill level 5 in Fighting
  1360 | D:3      | Reached skill level 5 in Axes
  1554 | D:3      | Reached XP level 5. HP: 36/48 MP: 4/4
  1935 | D:4      | Reached *** piety under Trog
  2171 | D:4      | Noticed an ogre
  2196 | D:4      | Reached XP level 6. HP: 25/56 MP: 5/5
  2387 | D:4      | Reached skill level 6 in Axes
  2791 | D:4      | Reached XP level 7. HP: 52/58 MP: 6/6
  3028 | D:4      | Reached skill level 7 in Axes
  3148 | D:4      | Reached **** piety under Trog
  3226 | D:4      | Reached skill level 8 in Axes
  3735 | D:5      | Entered Level 5 of the Dungeon
  3755 | D:5      | Reached skill level 9 in Axes
  3988 | D:5      | Found a hide-covered altar of Uskayaw.
  4000 | D:5      | Reached XP level 8. HP: 57/70 MP: 7/7
  4180 | D:5      | Reached skill level 10 in Axes
  4361 | D:5      | Found a glowing silver altar of Zin.
  4791 | D:6      | Reached skill level 11 in Axes
  5178 | D:6      | Reached skill level 12 in Axes
  5240 | D:6      | Reached ***** piety under Trog
  5617 | D:7      | Reached XP level 9. HP: 75/75 MP: 8/8
  5635 | D:7      | Noticed Joseph
  5651 | D:7      | Killed Joseph
  5652 | D:7      | Reached skill level 13 in Axes
  5762 | D:7      | Found a staircase to the Ecumenical Temple.
  6151 | D:7      | Noticed a manticore
  6158 | D:7      | Killed a manticore
  6159 | D:7      | Reached skill level 14 in Axes
  6159 | D:7      | Reached skill level 1 in Throwing
  6705 | D:8      | Noticed Maurice
  6705 | D:8      | Noticed Psyche
  6711 | D:8      | Killed Psyche
  6716 | D:8      | Killed Maurice
  6717 | D:8      | Reached skill level 15 in Axes
  6732 | D:8      | Reached XP level 10. HP: 41/81 MP: 9/9
  6916 | D:8      | Reached skill level 16 in Axes
  7423 | D:8      | Noticed Prince Ribbit
  7433 | D:8      | Killed Prince Ribbit
  7818 | D:9      | Identified the +8 plate armour of the Iron Devil {Str+2
                  | Int+5}
  7869 | D:9      | Found a staircase to the Lair.
  7871 | D:9      | Noticed Erica
  7886 | D:9      | Reached skill level 17 in Axes
  7898 | D:9      | HP: 4/83 [something (2)]
  7899 | D:9      | Slain by Erica

Illustrated notes

Levels and vault maps discovered:
D:1:      dpeg_arrival_line_fractal, layout_basic
D:2:      layout_basic, serial_shops, shop, st_stairs_2, grunt_ministairs_14
D:3:      layout_loops_cross, kennysheep_cross_bottleneck, grunt_ministairs_10
D:4:      lemuel_castle_with_subvaults [lemuel_castle_interior_carwin_3],
          layout_loops_ring, chequers_ossuary_entry_cave
D:5:      layout_loops_ring, zin_scriptorium,
          nicolae_uskayaw_murder_on_the_dancefloor
D:6:      layout_cave_pods
D:7:      layout_layer_cave, minmay_temple_entry_steel_oval,
          hangedman_abyss_or_decor_stabs, uniq_joseph
D:8:      hellmonk_destroyed_diamonds, layout_rooms, lemuel_flame_loot_1,
          uniq_prince_ribbit1, uniq_maurice, uniq_psyche
D:9:      wad_statue_garden, layout_gridville, david_lair_generic, uniq_erica

Skill      XL: |  1  2  3  4  5  6  7  8  9 10 |
---------------+-------------------------------+-----
Fighting       | 4 5 |  5.9
Axes           | 4 5 6 9 12 15 17 | 17.3
Armour         | 3 4 |  4.8
Throwing       | 1 |  1.9
Dodging        | |  2.7
Stealth        | |  0.7

Action                     |  1- 3 |  4- 6 |  7- 9 | 10-12 || total
---------------------------+-------+-------+-------+-------++-------
  Melee: Hand axe          |    62 |   210 |   143 |       ||   415
         Headbutt          |    14 |    40 |    42 |    12 ||   108
         Punch             |       |     3 |     4 |       ||     7
         War axe           |       |       |    66 |    52 ||   118
         Battleaxe         |       |       |       |    14 ||    14
  Throw: Javelin           |       |     1 |     4 |       ||     5
 Invoke: Berserk           |       |       |     3 |     1 ||     4
    Use: Scroll            |       |       |    16 |     5 ||    21
         Potion            |       |       |       |     1 ||     1
 Armour: Animal skin       |    12 |       |       |       ||    12
         Chain mail        |    15 |   111 |    38 |       ||   164
         Plate armour      |       |       |    90 |    54 ||   144
  Dodge: Dodged            |    34 |   111 |    88 |    23 ||   256
